 Dungeon Crawl Stone Soup version 0.27-a0-1281-ge233d83751 (webtiles) character file.

Game seed: 13931664007721688455

406 freelancePsychic the Slasher (level 6, -4/46 HPs)
             Began as a Vampire Fighter on June 13, 2021.
             Was a Priest of Jiyva.
             Killed from afar by a white imp (11 damage)
             ... with a puff of frost
             ... on level 4 of the Dungeon.
             The game lasted 00:06:36 (3090 turns).

freelancePsychic the Slasher (Vampire Fighter)      Turns: 3090, Time: 00:06:36

Health: -4/46      AC:  7    Str: 19    XL:     6   Next: 56%
Magic:  6/6        EV:  7    Int: 10    God:    Jiyva [***...]
Gold:   96         SH:  9    Dex: 12    Spells: 5/5 levels left

rFire    . . .     SeeInvis +   a - +0 long sword
rCold    . . .     Faith    .   c - +0 kite shield
rNeg     . . .     Spirit   .   b - +0 scale mail
rPois    .         Reflect  .   i - +0 helmet
rElec    .         Harm     .   (no cloak)
rCorr    +         Rampage  .   (no gloves)
Will     .....                  (no boots)
Stlth    ..........             (no amulet)
HPRegen  0.35/turn              (no ring)
MPRegen  0.10/turn              (no ring)

@: healing quickly
A: alive, fangs 3, see invisible, vampiric 2, jelly sensing items
a: Exsanguinate, Renounce Religion, Request Jelly


You were on level 4 of the Dungeon.
You worshipped Jiyva.
Jiyva was most pleased with you.
You visited 1 branch of the dungeon, and saw 5 of its levels.

You collected 96 gold pieces.

Inventory:

Hand Weapons
 a - a +0 long sword (weapon)
Armour
 b - a +0 scale mail (worn)
 c - a +0 kite shield (worn)
 i - a +0 helmet (worn)
Wands
 l - a wand of mindburst (10)
Scrolls
 e - a scroll of vulnerability {unknown}
 f - 2 scrolls of fear
 h - 3 scrolls of enchant weapon
Potions
 d - a potion of might
 j - a potion of lignification {unknown}
 k - a potion of heal wounds {unknown}


   Skills:
 - Level 2.6 Fighting
 * Level 5.9 Long Blades
 - Level 2.4 Armour
 + Level 4.4 Shields


You had 5 spell levels left.
You didn't know any spells.
Your spell library contained the following spells:

 Spells                   Type           Power      Damage    Failure   Level
 Animate Skeleton         Necr           0%         N/A       99%         1
 Pain                     Necr           0%         1d4       99%         1
 Vampiric Draining        Necr           0%         2d6       100%        3
 Animate Dead             Necr           0%         N/A       100%        4
 Agony                    Necr           0%         N/A       100%        5


Dungeon Overview and Level Annotations

Branches:
Dungeon (5/15)             Temple (0/1) D:5

Altars:
Okawaru
Qazlal
Xom
Jiyva

Shops:
D:1 !


Innate Abilities, Weirdness & Mutations

Your natural rate of healing is accelerated.
You have razor-sharp teeth.
You have supernaturally acute eyesight. (SInv)
You are afflicted with vampirism and can become a bat while bloodless.
You have a small jelly attached to you that senses nearby items.


Message History

You miss the adder.
You feel sick. You block the adder's attack. The ufetubus closely misses you.
You riposte.
You miss the ufetubus. You block the ufetubus's attack.
The white imp gestures at you. The puff of frost hits you. The adder bites you.
The ufetubus hits you but does no damage.
You block the ufetubus's attack.
You swap places.
You feel sick. The white imp hits you.
* * * LOW HITPOINT WARNING * * *
The white imp freezes you.
* * * LOW HITPOINT WARNING * * *
The adder bites the jelly.
The adder is burned by acid!
The jelly misses the adder.
You slash the white imp!
The white imp is almost dead.
You feel sick. You block the ufetubus's attack.
The ufetubus closely misses you.
The adder bites the jelly.
The adder is burned by acid!
The white imp gestures at you. The puff of frost hits you.
* * * LOW HITPOINT WARNING * * *
The ufetubus hits you.
* * * LOW HITPOINT WARNING * * *
The ufetubus hits you but does no damage.
The jelly hits the adder.
The adder is splashed with acid!
The adder dies!
You block the white imp's attack.
You feel better.
You block the ufetubus's attack. x2; The ufetubus hits you.
* * * LOW HITPOINT WARNING * * *
The ufetubus hits you but does no damage.
You block the white imp's attack.
You hit the white imp.
The white imp is almost dead.
The ufetubus hits you but does no damage.
The ufetubus barely misses you. The ufetubus hits you.
* * * LOW HITPOINT WARNING * * *
The ufetubus hits you but does no damage.
The white imp gestures at you. The puff of frost hits you!
You die...

#.# #.##.# #.# #.##### #.##.# #.#
#.....# #.##.# #.##########
#####.###.##.# #...........
#......##.##.# ############
#.###..##.##.# #.# #..##J##.# #.#
#..##>##.##########
#.###.....5@..........#
#...#J##..5..########.#
###.#.......J# #.######
#.####.##..### ##...J... #.#
#.......# ##...###..
###.####.##..#.# #.....#...
######....J...##J.#.# #.........
#.................#.####.....#...
#)####.#.####.##..#.##..........#


You could see a white imp, an ufetubus and 3 neutral jellies (fellow slime).

Vanquished Creatures
  A phantom (D:4)
  A water moccasin zombie (D:5)
  A water moccasin skeleton (D:4)
  An orc priest (D:4)
  An iguana (D:4)
  Natasha (twice) (D:1)
  3 adders
  An ufetubus (D:4)
  2 worms (D:2)
  2 dart slugs
  9 orcs
  5 endoplasms (D:1)
  6 giant cockroaches
  7 goblins
  5 hobgoblins
  7 jackals
  2 ball pythons (D:3)
  9 bats
  A frilled lizard (D:1)
  3 kobolds
  2 rats
71 creatures vanquished.

Vanquished Creatures (others)
  2 centaurs (D:4)
  A scorpion (D:4)
  A howler monkey (D:4)
  4 jellies
  A hound (D:4)
  An orc wizard (D:4)
  3 adders
  An ufetubus (D:3)
  A worm (D:3)
  4 orcs (D:4)
  3 bats
  2 endoplasms (D:2)
  3 giant cockroaches
  A goblin (D:4)
  4 jackals (D:4)
  2 quokkas
  A ball python (D:2)
  A kobold (D:3)
  A rat (D:3)
37 creatures vanquished.

Grand Total: 108 creatures vanquished

Notes
Turn   | Place    | Note
-------+----------+-------------------------------------------
     0 | D:1      | freelancePsychic the Vampire Fighter began the quest for
                  | the Orb.
     0 | D:1      | Reached XP level 1. HP: 17/17 MP: 1/1
    54 | D:1      | Reached XP level 2. HP: 19/23 MP: 2/2
   172 | D:1      | Found Vakuwutu's Distillery.
   255 | D:1      | Reached skill level 3 in Long Blades
   309 | D:1      | Found a faded altar of an unknown god.
   329 | D:1      | Became a worshipper of Jiyva Jank the Shapeless
   329 | D:1      | Reached * piety under Jiyva
   494 | D:2      | Gained mutation: You are afflicted with vampirism and can
                  | become a bat while bloodless. [Vampire growth]
   494 | D:2      | Reached XP level 3. HP: 20/28 MP: 3/3
   781 | D:2      | Reached ** piety under Jiyva
   824 | D:2      | Noticed Natasha
   845 | D:1      | Killed Natasha
   846 | D:1      | Reached XP level 4. HP: 5/34 MP: 4/4
   937 | D:1      | Noticed Natasha
   955 | D:1      | Killed Natasha
   956 | D:1      | Reached skill level 4 in Long Blades
  1271 | D:3      | Found a shimmering altar of Xom.
  1271 | D:3      | Found a stormy altar of Qazlal.
  1394 | D:3      | Found an iron altar of Okawaru.
  1914 | D:4      | Reached XP level 5. HP: 32/39 MP: 5/5
  2040 | D:4      | Reached *** piety under Jiyva
  2045 | D:4      | Killed a centaur
  2052 | D:4      | Noticed a phantom
  2064 | D:4      | Gained mutation: You have a small jelly attached to you
                  | that senses nearby items. [Jiyva's grace]
  2076 | D:4      | Killed a phantom
  2077 | D:4      | Reached skill level 5 in Long Blades
  2077 | D:4      | Killed a centaur
  2603 | D:5      | Entered Level 5 of the Dungeon
  2782 | D:4      | Reached XP level 6. HP: 23/46 MP: 6/6
  3090 | D:4      | Killed from afar by a white imp

Illustrated notes

Levels and vault maps discovered:
D:1:      dpeg_arrival_fog, layout_rooms, serial_shops, shop,
          ebering_ecumenical_altar_abandoned
D:2:      layout_rooms, kennysheep_potato, uniq_natasha
D:3:      layout_loops_corners, grunt_temple_overflow_open,
          overflow_temple_1_default
D:4:      layout_loops_ring, minmay_manual_mares
D:5:      layout_rooms, minmay_temple_entry_glassed_door, st_stairs_3,
          minmay_fractal_squares_gapless_5, uniq_sigmund

Skill      XL: |  1  2  3  4  5 |
---------------+----------------+-----
Shields        | 3 4 |  4.4
Long Blades    | 3 4 5 |  5.9
Fighting       | |  2.6
Armour         | |  2.4

Action                   |  1- 3 |  4- 6 || total
-------------------------+-------+-------++-------
Melee: Long sword        |   114 |   157 ||   271
       Bite              |    14 |    17 ||    31
  Use: Scroll            |     3 |     1 ||     4
       Potion            |       |     1 ||     1
Armor: Scale mail        |   100 |    97 ||   197
Dodge: Dodged            |    42 |    61 ||   103
Block: Kite shield       |    84 |   106 ||   190
       Rpst.: Long sword |    12 |    23 ||    35

Table legend: (Time is in decaauts)
 A = Elapsed time spent in this place.
 B = Non-inter-level travel time spent in this place.
 C = Inter-level travel time spent in this place.
 D = Time resting spent in this place.
 E = Time spent auto-exploring this place.
 F = Levels seen in this place.
 G = Mean time per level.
                   A        B        C        D        E       F      G
               +--------+--------+--------+--------+--------+-----+--------+
         Total |   3222 |   3107 |    115 |    392 |   1952 |   5 |  644.4 |
       Dungeon |   3222 |   3107 |    115 |    392 |   1952 |   5 |  644.4 |
               +--------+--------+--------+--------+--------+-----+--------+

Top non-repeatable levels by time:
     D:4: 1129 daAuts
     D:3: 863 daAuts
     D:1: 616 daAuts
     D:2: 499 daAuts
     D:5: 114 daAuts
